 Dungeon Crawl Stone Soup version 0.29.1-1-gd02db6906a (webtiles) character file.

Game seed: 17467877118672931413

3008 pacmanke6689 the Cleaver (level 9, 0/81 HPs)
             Began as a Hill Orc Fighter on Sept 17, 2022.
             Slain by a red ugly thing (21 damage)
             ... on level 7 of the Dungeon.
             The game lasted 00:20:29 (7576 turns).

pacmanke6689 the Cleaver (Hill Orc Fighter)         Turns: 7576, Time: 00:20:30

Health: 0/81       AC: 11    Str: 18      XL:     9   Next: 84%
Magic:  16/16      EV:  9    Int: 13      God:
Gold:   430        SH:  6    Dex: 17 (18) Spells: 16/17 levels left

rFire   . . .      SeeInvis .   g - +8 war axe (venom)
rCold   . . .      Faith    .   c - +0 buckler
rNeg    . . .      Spirit   .   b - +1 scale mail
rPois   .          Reflect  .   (no helmet)
rElec   .          Harm     .   (no cloak)
rCorr   .          Rampage  .   (no gloves)
Will    .....                   (no boots)
Stlth   ..........              (no amulet)
HPRegen 0.23/turn               q - +6 ring of intelligence
MPRegen 0.15/turn               (no ring)

@: no status effects
A: iridescent scales 1, agile 1
a: no special abilities


You were on level 7 of the Dungeon.
You visited 2 branches of the dungeon, and saw 8 of its levels.

You collected 430 gold pieces.

Inventory:

Hand Weapons
 g - a +8 war axe of venom (weapon)
Armour
 b - a +1 scale mail (worn)
 c - a +0 buckler (worn)
 v - a +0 pair of gloves
Jewellery
 d - a ring of protection from fire
 e - a ring of poison resistance
 i - a ring of protection from cold
 q - a +6 ring of intelligence (left hand)
 s - an amulet of reflection
 t - a ring of fire
 u - an amulet of guardian spirit
Wands
 j - a wand of acid (6)
Scrolls
 h - 2 scrolls of noise
 k - a scroll of teleportation
 l - a scroll of butterflies
 n - a scroll of vulnerability
 o - a scroll of amnesia
Potions
 a - a potion of brilliance
 f - 2 potions of attraction {unknown}
 m - a potion of curing
 p - a potion of degeneration


   Skills:
 + Level 8.1 Fighting
 + Level 10.4 Axes
 + Level 7.7 Armour
 + Level 7.5 Shields
 + Level 4.7 Spellcasting
 + Level 5.7 Hexes


You had 16 spell levels left.
You knew the following spells:

 Your Spells              Type           Power      Damage    Failure   Level
a - Slow                  Hex            72%        N/A       6%          1

Your spell library contained the following spells:

 Spells                   Type           Power      Damage    Failure   Level
 Confusing Touch          Hex            18%        N/A       19%         3
 Gell's Gravitas          Tloc           3%         N/A       89%         3
 Lesser Beckoning         Tloc           3%         N/A       89%         3
 Teleport Other           Tloc           3%         N/A       89%         3
 Vampiric Draining        Necr           3%         2d6       89%         3
 Animate Dead             Necr           3%         N/A       100%        4
 Borgnjor's Vile Clutch   Necr/Erth      1%         N/A       100%        5
 Death Channel            Necr           1%         N/A       100%        6
 Dispersal                Tloc           1%         N/A       100%        6


Dungeon Overview and Level Annotations

Branches:
Dungeon (7/15)             Temple (1/1) D:6

Altars:
Ashenzari
Cheibriados
Elyvilon
Gozag
Hepliaklqana
Kikubaaqudgha
Makhleb
Nemelex Xobeh
Okawaru
Qazlal
Ru
Uskayaw
Wu Jian
Xom
Yredelemnul
Zin

Annotations:
D:1 1 transporter
D:5 turdburglar's ghost, novice DsFi


Innate Abilities, Weirdness & Mutations

You are partially covered in iridescent scales. (AC +2)
You are agile. (Dex +4, Str/Int -1)


Message History

The bullfrog is severely wounded.
The bullfrog hits you but does no damage.
You hit the bullfrog.
You kill the bullfrog!
Your life force feels restored.
You see here a bullfrog corpse.
The red ugly thing gurgles horribly!
The scorpion closely misses you.
You closely miss the scorpion. You slash the red ugly thing!
The red ugly thing is poisoned.
The red ugly thing is moderately wounded.
The red ugly thing claws you.
You are engulfed in flames!
You slash the red ugly thing!
The red ugly thing looks as sick as possible!
The red ugly thing is moderately wounded.
You hit the scorpion. The scorpion stings you. The scorpion misses you.
You block the red ugly thing's attack.
You slash the red ugly thing!
The red ugly thing looks as sick as possible!
The red ugly thing is heavily wounded.
You hit the scorpion but do no damage.
The scorpion is poisoned.
The scorpion stings you but does no damage.
The red ugly thing claws you!
You are engulfed in flames!!
* * * LOW HITPOINT WARNING * * *
You feel much better.
The scorpion stings you but does no damage.
The red ugly thing claws you but does no damage.
You hit the red ugly thing.
The red ugly thing is severely wounded.
You hit the scorpion but do no damage.
The scorpion looks even sicker.
The scorpion stings you. The red ugly thing claws you.
You are engulfed in flames!
You kill the scorpion!
The red ugly thing claws you but does no damage.
You see here a bullfrog corpse.
The red ugly thing attacks as you move away!
The red ugly thing claws you.
* * * LOW HITPOINT WARNING * * *
You are engulfed in flames!!
You die...

...........#.##.# ........
.......#......#.# #......
.......###.####.# #.#####
.....#..........# #
################### #.....#
...#$.u..#.J†..#
#..#..#..#..#u.#
#..#..#..#..#@.#
#.....#.....#..# #############
#.....#.....#..# #..#..#......
################..#
#.......#####
..................#.##.#.###...#
..................#....#.....#.#
################..####....#..#.#
...#.....#...Yl#..##.'....#..#.#
...#....Y#.....#..##.#....#..#.#


You could see a red ugly thing (extremely poisoned).

Vanquished Creatures
  Grinder (D:3)
  Edmund (D:6)
  A water moccasin (D:7)
  An orc warrior (D:7)
  2 black bears
  A centaur (D:5)
  2 phantoms
  Blork the orc (D:5)
  A bullfrog (D:7)
  2 scorpions
  5 wights (D:7)
  A howler monkey (D:4)
  2 jellies (D:6)
  5 orc priests
  7 hounds
  10 iguanas
  Ijyb (D:3)
  Terence (D:3)
  7 orc wizards
  4 gnolls (D:7)
  10 adders
  2 shadow imps
  A white imp (D:7)
  An ufetubus (D:4)
  2 dart slugs (D:3)
  A worm (D:2)
  23 orcs
  8 endoplasms
  2 giant cockroaches
  8 goblins
  9 hobgoblins
  3 quokkas
  5 ball pythons
  2 bats
  4 frilled lizards
  5 kobolds
  11 rats
153 creatures vanquished.

Notes
Turn   | Place    | Note
-------+----------+-------------------------------------------
     0 | D:1      | pacmanke6689 the Hill Orc Fighter began the quest for the
                  | Orb.
     0 | D:1      | Reached XP level 1. HP: 19/19 MP: 1/1
   220 | D:1      | Reached XP level 2. HP: 22/27 MP: 2/2
   460 | D:1      | Learned a level 1 spell: Slow
   758 | D:1      | Found a faded altar of an unknown god.
  1014 | D:1      | Reached skill level 3 in Axes
  1431 | D:2      | Reached XP level 3. HP: 33/33 MP: 0/3
  1486 | D:2      | Reached skill level 1 in Hexes
  2253 | D:2      | Gained mutation: You are partially covered in iridescent
                  | scales. (AC +2) [potion of mutation]
  2253 | D:2      | Gained mutation: You are agile. (Dex +4, Str/Int -1)
                  | [potion of mutation]
  2264 | D:3      | Reached skill level 1 in Spellcasting
  2264 | D:3      | Reached XP level 4. HP: 32/40 MP: 3/5
  2877 | D:3      | Noticed Grinder
  2892 | D:3      | Paralysed by Grinder for 3 turns
  2906 | D:3      | Killed Grinder
  2907 | D:3      | Reached skill level 4 in Axes
  2907 | D:3      | Reached XP level 5. HP: 8/46 MP: 2/8
  2907 | D:3      | Reached XP level 6. HP: 9/52 MP: 2/9
  3276 | D:3      | Noticed Ijyb
  3292 | D:3      | Killed Ijyb
  3466 | D:3      | Noticed Terence
  3477 | D:3      | Killed Terence
  3991 | D:4      | Reached skill level 8 in Axes
  3991 | D:4      | Reached skill level 5 in Hexes
  3991 | D:4      | Reached XP level 7. HP: 35/66 MP: 9/13
  4000 | D:4      | Reached XP level 8. HP: 69/73 MP: 10/14
  4716 | D:5      | Entered Level 5 of the Dungeon
  4858 | D:5      | Found a runed translucent door.
  4864 | D:5      | Noticed turdburglar's ghost (novice DsFi)
  4889 | D:5      | Noticed Blork the orc
  4902 | D:5      | Killed Blork the orc
  4907 | D:5      | Reached skill level 9 in Axes
  4907 | D:5      | Reached XP level 9. HP: 33/79 MP: 16/16
  5405 | D:6      | Found a staircase to the Ecumenical Temple.
  5702 | Temple   | Entered the Ecumenical Temple
  6063 | D:6      | Noticed Edmund
  6070 | D:6      | Killed Edmund
  6135 | D:6      | Identified the +1 robe "Lykkaj" {rPois rF+ Will+ Str-2}
  7156 | D:7      | Reached skill level 10 in Axes
  7548 | D:7      | Noticed a komodo dragon
  7548 | D:7      | Noticed a red ugly thing
  7576 | D:7      | Slain by a red ugly thing

Illustrated notes

Levels and vault maps discovered:
D:1:      spicycebolla_arrival_transporter_tutorial, layout_loops_corners,
          ebering_ecumenical_altar_webs
D:2:      minmay_alternating_diamond, layout_rooms,
          chequers_serial_rivers_small_a, kennysheep_doodads
D:3:      layout_basic, uniq_terence, uniq_ijyb, uniq_grinder
D:4:      layout_cave_pools, kennysheep_small_square
D:5:      layout_rooms, hellmonk_ghost_happy_afterlife,
          corexii_item_surrounded_by_moat, kennysheep_generic_room_4,
          uniq_blork_the_orc
D:6:      layout_basic, minmay_temple_entry_crystal_x, uniq_edmund
D:7:      kennysheep_windowed_halls, layout_basic,
          minmay_overflow_temple_star_quad, grunt_ministairs_2
Temple:   regret_index_temple_sphere_string

Skill      XL: |  1  2  3  4  5  6  7  8  9 |
---------------+----------------------------+-----
Axes           | 3 4 8 9 10 | 10.4
Hexes          | 1 2 5 |  5.7
Spellcasting   | 1 2 4 |  4.7
Fighting       | 4 7 8 |  8.1
Armour         | 4 6 7 |  7.7
Shields        | 7 |  7.5

Action                   |  1- 3 |  4- 6 |  7- 9 || total
-------------------------+-------+-------+-------++-------
Melee: War axe           |   102 |   113 |   214 ||   429
 Cast: Slow              |    12 |    32 |       ||    44
  Use: Scroll            |     8 |       |     7 ||    15
       Potion            |     1 |     3 |     9 ||    13
 Stab: Invisible         |       |       |     4 ||     4
Armor: Scale mail        |    50 |    68 |    75 ||   193
       Skin              |       |     2 |    24 ||    26
Dodge: Dodged            |    44 |    51 |    87 ||   182
Block: Buckler           |    25 |    42 |    60 ||   127
